AoeStats
← Pab Mienko

Arena

504469221Analyzed
2v2 RM · 28d ago on Sep 5, 2026· 73m 17s· 4 players
Game mode
Random Map
Map size
Medium (4 player)
Population
200
Speed
Normal
Resources
Standard
Victory
Conquest
Starting age
Dark Age
Ending age
Imperial Age
RankedLock teamsTeams togetherTeam positionsShared explorationLock speedFull tech treeHidden civsTurbo modeCheats
Victory
Defeat
🇹🇷 Bohemians · Türkiye
808
+18
🇹🇷 Tatars · Türkiye
796
+18
🇨🇳 Koreans · China
853
-18
🇨🇳 Turks · China
853
-18
2568730366
7:07 Loom
9:02 Feudal Age
9:35 Double-Bit Axe
11:32 Wheelbarrow
13:22 Horse Collar
18:00 Fletching
21:04 Castle Age
19:32 Gold Mining
20:59 Forging
20:51 Scale Mail Armor
22:04 Hand Cart
22:17 Bow Saw
22:09 Stone Mining
22:04 Pikeman
22:09 Crossbowman
24:23 Bodkin Arrow
24:50 Heavy Plow
26:51 Gold Shaft Mining
27:33 Thumb Ring
29:03 Pikeman
32:53 Imperial Age
32:40 Pikeman
34:02 Bracer
33:27 Arbalester
35:42 Forging
41:43 Stone Shaft Mining
41:56 Forging
42:04 Chain Mail Armor
41:39 Halberdier
44:54 Loom
45:47 Ballistics
46:28 Chemistry
53:00 Light Cavalry
54:49 Elite War Wagon
58:29 Elite Skirmisher
62:30 Hussar
63:28 Forging
66:15 Husbandry
66:59 Squires
67:15 Scale Barding Armor
71:08 Two-Man Saw
786542430
8:11 Loom
10:56 Feudal Age
11:49 Horse Collar
11:55 Double-Bit Axe
13:46 Gold Mining
18:53 Castle Age
19:51 Bow Saw
20:22 Gold Shaft Mining
19:49 Heavy Plow
21:05 Forging
21:47 Wheelbarrow
23:12 Bloodlines
23:03 Husbandry
25:55 Iron Casting
26:47 Hand Cart
28:19 Scale Barding Armor
33:03 Imperial Age
31:18 Chain Barding Armor
34:07 Ballistics
33:55 Town Watch
33:42 Heavy Camel Rider
35:16 Town Patrol
37:21 Blast Furnace
42:52 Guilds
43:41 Plate Barding Armor
43:36 Conscription
43:58 Artillery
61:07 Two-Man Saw
Pab Mienko
7:24 Loom
9:37 Feudal Age
12:22 Double-Bit Axe
17:16 Castle Age
19:31 Wheelbarrow
21:31 Town Watch
23:55 Fletching
28:14 Imperial Age
28:17 Bodkin Arrow
29:33 Town Patrol
29:50 Bow Saw
30:18 Murder Holes
31:12 Pikeman
31:53 Squires
31:39 Arson
33:03 Horse Collar
34:09 Bracer
34:31 Ballistics
35:15 Chemistry
35:28 Forging
35:18 Scale Mail Armor
37:18 Houfnice
39:59 Hand Cart
44:52 Halberdier
46:11 Iron Casting
45:37 Padded Archer Armor
54:41 Blast Furnace
53:56 Chain Mail Armor
54:59 Two-Man Saw
55:52 Conscription
55:47 Wagenburg Tactics
63:33 Capped Ram
64:20 Elite Hussite Wagon
65:31 Elite Skirmisher
66:49 Scale Barding Armor
67:15 Plate Mail Armor
66:20 Light Cavalry
68:04 Chain Barding Armor
69:53 Cavalier
72:44 Husbandry
73:01 Leather Archer Armor
Righteous
5:15 Loom
12:44 Feudal Age
13:16 Double-Bit Axe
14:09 Wheelbarrow
13:18 Horse Collar
14:44 Town Watch
15:21 Gold Mining
15:23 Stone Mining
17:17 Man-at-Arms
17:44 Arson
21:53 Bloodlines
21:38 Fletching
21:49 Padded Archer Armor
25:13 Castle Age
24:04 Padded Archer Armor
23:54 Fletching
25:55 Forging
25:53 Scale Barding Armor
26:30 Bow Saw
26:39 Heavy Plow
27:14 Town Patrol
28:35 Gold Shaft Mining
31:04 Hand Cart
31:44 Husbandry
33:46 Leather Archer Armor
34:20 Bodkin Arrow
35:01 Iron Casting
36:01 Treadmill Crane
36:17 Murder Holes
38:53 Ballistics
38:45 Fortified Wall
40:19 Guard Tower
40:41 Masonry
43:20 Imperial Age
42:06 Silk Armor
43:54 Chain Barding Armor
44:10 Iron Casting
46:15 Chemistry
46:22 Conscription
48:02 Crop Rotation
49:14 Timurid Siegecraft
49:48 Heavy Cavalry Archer
51:43 Pikeman
52:24 Squires
53:54 Ring Archer Armor
53:57 Elite Keshik
55:31 Bracer
56:31 Blast Furnace
56:07 Plate Barding Armor
59:45 Bombard Tower
60:31 Squires
64:07 Caravan
64:15 Light Cavalry
Connection lost

Rejoining the realm…

Still unreachable

The connection could not be restored.

Session expired

The server has moved on; the page needs a fresh start.